 Dungeon Crawl Stone Soup version 0.23.0-3-gf3c87f2 (webtiles) character file.

Game seed: 18156985293679911490

95 Borgoz the Cutter (level 4, -2/37 (38) HPs)
             Began as a Ghoul Monk on Feb 23, 2019.
             Slain by Ijyb
             ... wielding a +4 club
              (4 damage)
             ... on level 4 of the Dungeon.
             The game lasted 00:04:38 (2913 turns).

Borgoz the Cutter (Ghoul Monk)                      Turns: 2913, Time: 00:04:38

HP:   -2/37 (38)    AC:  3    Str: 14    XL:     4   Next: 65%
MP:   3/3           EV: 12    Int:  6    God:
Gold: 81            SH:  0    Dex: 11    Spells: 3/3 levels left

rFire    + . .     SeeInvis .   h - +0 dagger (curse)
rCold    . . .     Gourm    .   (no shield)
rNeg     + + +     Faith    .   k - +0 leather armour
rPois    ∞         Spirit   .   (no helmet)
rElec    .         Reflect  .   (no cloak)
rCorr    .         Harm     .   (no gloves)
MR       .....                  (no boots)
Stlth    ++........             b - amulet of magic regeneration
HPRegen  0.00/turn              j - ring of fire
MPRegen  0.33/turn              (no ring)

@: rotting
A: rotting body, claws 1, carnivore, cold resistance 1, negative energy
resistance 3, inhibited regeneration, torment resistance, unbreathing
a: no special abilities


You were on level 4 of the Dungeon.
You were not hungry.

You visited 1 branch of the dungeon, and saw 4 of its levels.

You collected 81 gold pieces.

Inventory:

Hand Weapons
 h - a cursed +0 dagger (weapon)
Armour
 k - a +0 leather armour (worn)
Jewellery
 b - an amulet of magic regeneration (around neck)
 e - an uncursed ring of poison resistance {unknown}
 j - a ring of fire (left claw)
Wands
 f - a wand of acid (8)
Scrolls
 a - 3 scrolls of identify
 d - a scroll of remove curse
Comestibles
 c - 6 rations


   Skills:
 - Level 3.4 Fighting
 * Level 4.0 Short Blades
 * Level 3.4 Dodging
 + Level 2.6 Stealth


You had 3 spell levels left.
You didn't know any spells.
Your spell library was empty.

Dungeon Overview and Level Annotations

Branches:
Dungeon (3/15)

Altars:
Qazlal

Annotations:
D:4 Ijyb


Innate Abilities, Weirdness & Mutations

Your body is rotting away.
You thrive on raw meat.
You are immune to poison.
You have sharp fingernails.
You are carnivorous and can eat meat at any time.
Your flesh is cold resistant. (rC+)
You are immune to negative energy. (rN+++)
You do not regenerate when monsters are visible.
You are immune to unholy pain and torment.
You can survive without breathing.


Message History

The orc hits you but does no damage. The hobgoblin barely misses you.
You hit the hobgoblin.
You kill the hobgoblin!
Your Short Blades skill increases to level 4!
The orc hits you with a +0 whip.
* * * LOW HITPOINT WARNING * * *
The orc closely misses you.
Found a stone staircase leading down.
There is a shaft here.
You fall through a shaft!
The shaft crumbles and collapses.
A worker ant and Ijyb come into view.
Found 5 gold pieces.
The helpless Ijyb fails to defend herself.
You puncture Ijyb!
Ijyb is heavily wounded.
You hit Ijyb but do no damage.
Ijyb is heavily wounded.
Ijyb hits you with a +4 club.
You die...

###### #....#
#....# #....#
#....# #.@g.##
#.....#
#.............
#.#...##.#.#..
.a.#.# ......
...##.. #.#.#.
....# ... .. .
..#. ... #.#
..# #...


You could see Ijyb and a worker ant (sleeping).

Vanquished Creatures
  5 adders
  3 leopard geckos (D:1)
  A ball python (D:1)
  7 bats
  3 giant cockroaches (D:1)
  2 goblins (D:1)
  7 hobgoblins
  2 quokkas
  4 frilled lizards
  6 kobolds
  4 rats
44 creatures vanquished.

Notes
Turn   | Place    | Note
-------+----------+-------------------------------------------
     0 | D:1      | Borgoz the Ghoul Monk began the quest for the Orb.
     0 | D:1      | Reached XP level 1. HP: 19/19 MP: 0/0
   227 | D:1      | Reached XP level 2. HP: 25/26 MP: 1/1
   377 | D:1      | Reached skill level 3 in Short Blades
   645 | D:1      | Reached XP level 3. HP: 26/31 MP: 2/2
  1864 | D:2      | Reached XP level 4. HP: 33/36 MP: 3/3
  1876 | D:2      | Found a stormy altar of Qazlal.
  2895 | D:3      | Reached skill level 4 in Short Blades
  2910 | D:3      | You fall through a shaft!
  2910 | D:4      | Noticed Ijyb
  2913 | D:4      | Slain by Ijyb

Skill      XL: |  1  2  3  4 |
---------------+-------------+-----
Dodging        | 3 |  3.4
Short Blades   | 3 4 |  4.0
Fighting       | |  3.4
Stealth        | |  2.6

Action                   |  1- 3 |  4- 6 || total
-------------------------+-------+-------++-------
Melee: Short sword       |    65 |       ||    65
       Dagger            |   120 |    61 ||   181
  Use: Potion            |     3 |     1 ||     4
       Scroll            |     2 |     2 ||     4
 Stab: Sleeping          |     3 |     6 ||     9
  Eat: Chunk             |    12 |     8 ||    20
Armor: Robe              |    26 |       ||    26
       Leather armour    |       |    12 ||    12
Dodge: Dodged            |   124 |    42 ||   166
